General information
- name: grudge20
- type: Ladder 1vs1/FFA
- host: BEAR_AND
- saver: BEAR_AND
map: EchoIcicles
- players: 5
- length: 13:23
- speed: Fast
- version: 1.21 W3XP
- replay type:

» download(57 KB)
Players
team 1 (winner)
wwgt]mongrethod (
blue | 129 APM | 1727 actions | 13:22)
5 Archmage
3 Summon Water Elemental
2 Brilliance Aura
2 Firelord
1 Incinerate
1 Soul Burn
» actions
| Assign group hotkey | 52 | |
| Basic commands | 245 | |
| Build / train | 62 | |
| Enter build submenu | 27 | |
| Enter hero's abilities submenu | 7 | |
| Remove unit from queue | 1 | |
| Right click | 308 | |
| Select / deselect | 245 | |
| Select group hotkey | 691 | |
| Use ability | 89 | |
1727 total
» units
| Peasant | 15 | |
| Footman | 10 | |
| Forest Troll Shadow Priest | 4 | |
| Ogre Mauler | 2 | |
| Mud Golem | 2 | |
| Forest Troll Berserker | 2 | |
| Rifleman | 1 | |
| Spell Breaker | 2 | |
38 total
» upgrades
| Defend | 1 | |
| Long Rifles | 1 | |
| Priest Training | 1 | |
| Sorceress Training | 1 | |
| Magic Sentry | 1 | |
5 total
» buildings
| Altar of Kings | 1 | |
| Barracks | 1 | |
| Farm | 12 | |
| Scout Tower | 7 | |
| Arcane Vault | 1 | |
| Arcane Tower | 7 | |
| Town Hall | 1 | |
| Keep | 1 | |
| Blacksmith | 1 | |
| Lumber Mill | 1 | |
| Arcane Sanctum | 2 | |
35 total
» build order
00:09 Altar of Kings
00:18 Barracks
00:26 Farm
00:44 Farm
01:47 Farm
01:54 Farm
02:24 Scout Tower
02:48 Arcane Vault
03:00 Arcane Tower
05:20 Town Hall
05:25 Scout Tower
05:27 Scout Tower
05:28 Scout Tower
05:56 Arcane Tower
05:57 Arcane Tower
05:58 Arcane Tower
06:30 Scout Tower
06:31 Scout Tower
06:57 Arcane Tower
07:24 Arcane Tower
07:49 Keep
08:14 Scout Tower
08:26 Blacksmith
08:28 Farm
08:29 Farm
08:54 Arcane Tower
08:58 Lumber Mill
10:26 Arcane Sanctum
10:27 Arcane Sanctum
10:48 Farm
10:49 Farm
11:26 Farm
12:04 Farm
12:04 Farm
12:05 Farm
» items
team 2 (loser)
WWGT]Fictious (
dark-green | 154 APM | 2065 actions | 13:22)
3 Dark Ranger
2 Black Arrow
1 Silence
3 Pandaren Brewmaster
2 Breath of Fire
1 Drunken Haze
» actions
| Assign group hotkey | 154 | |
| Basic commands | 53 | |
| Build / train | 50 | |
| Enter build submenu | 10 | |
| Enter hero's abilities submenu | 6 | |
| Remove unit from queue | 1 | |
| Right click | 876 | |
| Select / deselect | 307 | |
| Select group hotkey | 531 | |
| Use ability | 77 | |
2065 total
» units
| Wisp | 11 | |
| Archer | 6 | |
| Huntress | 1 | |
| Druid of the Claw | 4 | |
| Dryad | 3 | |
25 total
» upgrades
| Druid of the Claw Training | 2 | |
| Abolish Magic | 1 | |
3 total
» buildings
| Moon Well | 4 | |
| Ancient of War | 1 | |
| Altar of Elders | 1 | |
| Tree of Ages | 2 | |
| Hunter's Hall | 1 | |
| Tree of Eternity | 1 | |
| Ancient of Lore | 2 | |
12 total
» build order
00:16 Moon Well
00:31 Ancient of War
01:00 Altar of Elders
01:24 Moon Well
02:50 Tree of Ages
03:34 Moon Well
03:36 Hunter's Hall
05:14 Tree of Eternity
05:41 Ancient of Lore
06:41 Ancient of Lore
08:49 Moon Well
» items
observersBEAR_AND,
evil_pengoon,
iggy_the_fisk Chat log
(00:22 / All) wwgt]mongrethod: my poor POS comp
(00:40 / All) wwgt]mongrethod: i need a red bull
(00:46 / All) WWGT]Fictious: It gives you wings, I hear.
(00:59 / All) wwgt]mongrethod: which one makes your dick 8inches longer
(01:09 / All) WWGT]Fictious: Mountain Dew Game Fuel.
(01:32 / All) wwgt]mongrethod: wanna know what
(13:20 / All) WWGT]Fictious: gg